 Dungeon Sprint DCSS version bcrawl-1.26.1 (webtiles) character file.

Game seed: 9925183643328265813

1858816 Freyura the Messiah (level 12, -3/125 HPs)
             Began as a Hill Orc Fighter on July 2, 2020.
             Was the Champion of Beogh.
             Slain by a black mamba (13 damage)
             ... in the Dungeon (Sprint IX: "|||||||||||||||||||||||||||||").
             The game lasted 00:16:33 (2200 turns).

Freyura the Messiah (Hill Orc Fighter)              Turns: 2200, Time: 00:16:34

Health: -3/125     AC: 26    Str: 26    XL:     12   Next: 95%
Magic:  24/24      EV:  6    Int:  8    God:    Beogh [******]
Gold:   825        SH: 20    Dex: 14    Spells: 11/11 levels left

rFire    . . .     SeeInvis .   s - +8 scimitar (flame)
rCold    . . .     Gourm    .   c - +0 medium shield
rNeg     . . .     Faith    .   F - +1 plate armour of the Sturgeon {*Drain rElec rCorr Stlth+} (curse)
rPois    .         Spirit   .   y - +1 helmet
rElec    +         Reflect  .   u - +2 cloak
rCorr    +         Harm     .   A - +0 pair of gloves
MR       .....     NoTele   +   (no boots)
Stlth    ..........             (no amulet)
HPRegen  0.30/turn              w - +3 ring of strength
MPRegen  0.19/turn              x - +3 ring of strength

@: lethally poisoned (-3 -> -5), slowed, very slow
A: walk on water
a: Smiting, Recall Orcish Followers, Give Item to Named Follower, Resurrection,
Renounce Religion


You were in the Dungeon.
You worshipped Beogh.
Beogh was exalted by your worship.
You were not hungry.

You visited 1 branch You collected 1731 gold pieces.
You spent 906 gold pieces at shops.

Inventory:

Hand Weapons
 o - a +2 dire flail of protection
 p - a +2 halberd of venom
 q - a +4 antimagic quarterstaff
 r - a +2 rapier of draining
 s - a +8 scimitar of flaming (weapon)
 t - a +3 war axe of chopping
 C - a +2 double sword of slicing
 E - a +0 hand axe
Armour
 c - a +0 medium shield (worn)
 u - a +2 cloak (worn)
 v - a +1 chain mail
 y - a +1 helmet (worn)
 A - a +0 pair of gloves (worn)
 D - a +1 scale mail of magic resistance
 F - the cursed +1 plate armour of the Sturgeon (worn) {*Drain rElec rCorr Stlth+}
   (You bought it in a shop in the Dungeon)

   It insulates you from electricity.
   It provides partial protection from all sources of acid and corrosion.
   It causes draining when unequipped.
   It makes you more stealthy.
   It has a curse placed upon it.
 J - the cursed quicksilver dragon scales of Inkogh {rPois MR+}
   (You found it in the Dungeon)

   It protects you from poison.
   It affects your resistance to hostile enchantments.
   It has a curse placed upon it.
Jewellery
 j - an uncursed ring of protection from magic
 w - a +3 ring of strength (left hand)
 x - a +3 ring of strength (right hand)
 G - an uncursed ring of protection from cold
 H - an uncursed ring of ice
 I - an uncursed ring of fire
Wands
 n - a wand of iceblast (10)
 B - a wand of paralysis (6)
Scrolls
 k - 3 scrolls of blinking
 l - 3 scrolls of remove curse
 m - 2 scrolls of amnesia
 z - a scroll of fog
 L - 4 scrolls of enchant armour
 M - a scroll of fear
Potions
 a - 2 potions of berserk rage
 b - 2 potions of mutation
 d - 3 potions of brilliance
 f - 5 potions of curing
 g - 3 potions of heal wounds
 h - a potion of haste
 i - 4 potions of magic
Comestibles
 e - 11 rations {!d}


   Skills:
 * Level 17.4 Fighting
   Level 17.4 Short Blades
   Level 17.4 Long Blades
   Level 17.4 Axes
   Level 17.4 Maces & Flails
   Level 17.4 Polearms
   Level 17.4 Staves
 + Level 16.1 Armour
 + Level 16.0 Shields
   Level 17.4 Unarmed Combat
 + Level 17.8 Invocations


You had 11 spell levels left.
You didn't know any spells.
Your spell library was empty.

Dungeon Overview and Level Annotations

Branches:
Dungeon (1/1)

Altars:
Cheibriados
Dithmenos
Elyvilon
Fedhas
Gozag
Hepliaklqana
Kikubaaqudgha
Lugonu
Makhleb
Nemelex Xobeh
Okawaru
Qazlal
Ru
Sif Muna
Trog
Uskayaw
Vehumet
Wu Jian
Xom
Yredelemnul
Zin
The Shining One
Beogh
Jiyva

Shops:
D ?[([


Message History

You resist.
* * * LOW HITPOINT WARNING * * *
You feel sick. You block the shock serpent's attack.
The shock serpent shoots out a bolt of lightning at you!
The bolt of electricity misses you.
The bolt of electricity hits the shock serpent.
The shock serpent completely resists.
You block the shock serpent's attack.
You slice the shock serpent!! You burn the shock serpent!
You kill the shock serpent!
Beogh accepts your kill.
The air sparks with electricity, shocking you!
You resist.
* * * LOW HITPOINT WARNING * * *
You feel sick. You block the black mamba's attack.
You block the shock serpent's attack. You block the black mamba's attack.
The shock serpent bites you but does no damage.
You hit the shock serpent. You burn the shock serpent.
The shock serpent is lightly wounded.
You feel sick. The black mamba bites you!
You die...

.▓.▓'▓.▓.▓.▓o▓.▓.▓
.▓.▓.▓.▓.▓.▓.▓.▓.▓
.▓.▓.▓.▓o▓.▓'▓.▓.▓
[▓.▓.▓.▓o▓.▓.▓.▓.▓
.▓.▓.▓.▓o▓.▓.▓.▓.▓
.▓.▓.▓.▓o▓.▓.▓.▓.▓
.▓.▓)▓.▓o▓.▓.▓.▓.▓
.▓.▓.▓.▓o▓.▓.▓.▓S▓
.▓.▓.▓.▓o▓.▓)▓.▓@▓
'▓.▓.▓.▓.▓.▓)▓.▓S▓
_▓.▓.▓.▓)▓.▓)▓.▓N▓
_▓.▓.▓.▓.▓.▓)▓.▓.▓
_▓.▓.▓.▓)▓.▓)▓.▓N▓
_▓.▓.▓.▓.▓.▓)▓.▓.▓
_▓.▓†▓.▓.▓.▓)▓.▓.▓
_▓.▓.▓.▓)▓.▓o▓.▓.▓
_▓.▓.▓.▓.▓.▓.▓.▓


You could see a naga warrior, a naga sharpshooter, a shock serpent and a black
mamba.

Vanquished Creatures
  A lich (D)
  Kirke (D)
  A spark wasp (D)
  2 ettins (D)
  A rakshasa (D)
  A hydra (D)
  Harold (D)
  An ice dragon (D)
  An ogre mage (D)
  An anaconda (D)
  An orc high priest (D)
  2 shock serpents (D)
  A naga ritualist (D)
  2 orc knights (D)
  2 ugly things (D)
  3 orc sorcerers (D)
  A guardian serpent (D)
  Maurice (D)
  A black mamba (D)
  5 cane toads (D)
  A torpor snail (D)
  A rime drake (D)
  A komodo dragon (D)
  An efreet (D)
  A tyrant leech (D)
  A blink frog (D)
  A hornet (D)
  2 yaks (D)
  A wyvern (D)
  A wraith (D)
  A basilisk (D)
  A hog (D)
  3 vampire mosquitoes (D)
  6 crocodiles (D)
  3 water moccasins (D)
  A porcupine (D)
  2 orc warriors (D)
  An eye of draining (D)
  A necrophage (D)
  A phantom (D)
  4 bullfrogs (D)
  A big kobold (D)
  A hound (D)
  An iguana (D)
  A worker ant (D)
  An adder (D)
  2 orcs (D)
  A bat zombie (D)
  2 hobgoblins (D)
  A bat (D)
  2 kobolds (D)
  A quokka zombie (D)
79 creatures vanquished.

Vanquished Creatures (collateral kills)
  An orc knight (D)
  2 orc warriors (D)
  An orc wizard (D)
  An orc (D)
5 creatures vanquished.

Vanquished Creatures (others)
  5 orc warriors (D)
  An orc priest (D)
  An orc wizard (D)
  6 orcs (D)
13 creatures vanquished.

Grand Total: 97 creatures vanquished

Notes
Turn   | Place    | Note
-------+----------+-------------------------------------------
     0 | D        | Freyura the Hill Orc Fighter began the quest for the Orb.
     0 | D        | Reached XP level 1. HP: 20/20 MP: 1/1
    64 | D        | Noticed an iguana
    64 | D        | Noticed a hound
    68 | D        | HP: 1/22 [iguana (3)]
    69 | D        | Killed an iguana
    69 | D        | Reached skill level 5 in Fighting
    69 | D        | Reached XP level 2. HP: 2/29 MP: 2/2
    69 | D        | Reached XP level 3. HP: 2/36 MP: 3/3
    86 | D        | Reached skill level 5 in Armour
    86 | D        | Reached skill level 5 in Shields
    86 | D        | Reached XP level 4. HP: 21/44 MP: 4/4
   127 | D        | Found a roughly hewn altar of Beogh.
   127 | D        | Found a snail-covered altar of Cheibriados.
   127 | D        | Found a shadowy altar of Dithmenos.
   127 | D        | Found a white marble altar of Elyvilon.
   127 | D        | Found a blossoming altar of Fedhas.
   127 | D        | Found an opulent altar of Gozag.
   168 | D        | Found a hazy altar of Hepliaklqana.
   169 | D        | Found a viscous altar of Jiyva.
   170 | D        | Became a worshipper of Beogh the Brigand
   171 | D        | Found an ancient bone altar of Kikubaaqudgha.
   172 | D        | Found a corrupted altar of Lugonu.
   173 | D        | Found a burning altar of Makhleb.
   174 | D        | Found a sparkling altar of Nemelex Xobeh.
   175 | D        | Found an iron altar of Okawaru.
   176 | D        | Found a stormy altar of Qazlal.
   177 | D        | Found a sacrificial altar of Ru.
   178 | D        | Found a shimmering blue altar of Sif Muna.
   179 | D        | Found a bloodstained altar of Trog.
   180 | D        | Found a hide-covered altar of Uskayaw.
   181 | D        | Found a radiant altar of Vehumet.
   182 | D        | Found an ornate altar of the Wu Jian Council.
   183 | D        | Found a shimmering altar of Xom.
   184 | D        | Found a basalt altar of Yredelemnul.
   185 | D        | Found a glowing silver altar of Zin.
   186 | D        | Found a glowing golden altar of the Shining One.
   234 | D        | Noticed a phantom
   234 | D        | Noticed a crocodile
   234 | D        | Noticed a bullfrog
   234 | D        | Noticed a wyvern
   234 | D        | Noticed a hornet
   241 | D        | Killed a phantom
   241 | D        | Reached XP level 5. HP: 52/52 MP: 4/7
   250 | D        | Killed a crocodile
   250 | D        | Reached * piety under Beogh
   250 | D        | Reached skill level 5 in Invocations
   250 | D        | Reached XP level 6. HP: 51/61 MP: 4/10
   259 | D        | Killed a wyvern
   259 | D        | Reached XP level 7. HP: 46/70 MP: 6/12
   269 | D        | Killed a hornet
   269 | D        | Reached ** piety under Beogh
   385 | D        | Noticed a purple ugly thing
   385 | D        | Noticed a wraith
   385 | D        | Noticed a yak
   393 | D        | Killed a purple ugly thing
   393 | D        | Reached skill level 10 in Fighting
   393 | D        | Reached XP level 8. HP: 44/80 MP: 10/14
   411 | D        | Killed a wraith
   414 | D        | Killed a yak
   414 | D        | Reached skill level 10 in Armour
   414 | D        | Reached skill level 10 in Shields
   414 | D        | Reached skill level 10 in Invocations
   423 | D        | Reached *** piety under Beogh
   636 | D        | Noticed a black mamba
   636 | D        | Noticed a rime drake
   636 | D        | Noticed a cane toad
   639 | D        | Killed a black mamba
   639 | D        | Reached XP level 9. HP: 89/89 MP: 15/17
   647 | D        | Reached **** piety under Beogh
   650 | D        | Noticed a komodo dragon
   653 | D        | Killed a rime drake
   656 | D        | Killed a cane toad
   670 | D        | Reached ***** piety under Beogh
   679 | D        | Killed a komodo dragon
   704 | D        | Noticed a cane toad
   708 | D        | Noticed a torpor snail
   712 | D        | Reached XP level 10. HP: 95/100 MP: 19/19
   720 | D        | Noticed a cane toad
   737 | D        | Killed a cane toad
   744 | D        | Killed a torpor snail
   747 | D        | Reached ****** piety under Beogh
   751 | D        | Killed a cane toad
   866 | D        | Noticed a cane toad
   868 | D        | Noticed a cane toad
   870 | D        | Killed a cane toad
   901 | D        | Killed a cane toad
  1075 | D        | Noticed Maurice
  1078 | D        | Paralysed by something for 2 turns
  1089 | D        | Killed Maurice
  1107 | D        | Noticed Harold
  1142 | D        | Killed Harold
  1142 | D        | Reached XP level 11. HP: 88/111 MP: 21/21
  1334 | D        | Noticed an orc knight
  1334 | D        | Noticed an orc sorcerer
  1334 | D        | Noticed an orc knight
  1338 | D        | Noticed an orc knight
  1345 | D        | Killed an orc knight
  1353 | D        | Killed an orc sorcerer
  1360 | D        | Killed an orc knight
  1439 | D        | Found Utehuog's Magic Scroll Emporium.
  1439 | D        | Noticed an orc sorcerer
  1439 | D        | Noticed an orc sorcerer
  1439 | D        | Noticed an orc high priest
  1439 | D        | Noticed an orc high priest
  1444 | D        | Found Nual's Antique Armour Shoppe.
  1447 | D        | Killed an orc sorcerer
  1458 | D        | Killed an orc high priest
  1463 | D        | Found Irygah's Weapon Emporium.
  1467 | D        | Found Kito's Antique Armour Shoppe.
  1470 | D        | Noticed an orc sorcerer
  1471 | D        | Noticed an orc knight
  1480 | D        | Killed an orc sorcerer
  1480 | D        | Reached skill level 15 in Fighting
  1480 | D        | Reached skill level 15 in Invocations
  1488 | D        | Killed an orc knight
  1618 | D        | Bought a +0 double sword of slicing for 318 gold pieces
  1666 | D        | Bought a polished plate armour for 588 gold pieces
  1676 | D        | Identified the cursed +1 plate armour of the Sturgeon
                  | {*Drain rElec rCorr Stlth+} (You bought it in a shop in the
                  | Dungeon)
  1797 | D        | Got the cursed quicksilver dragon scales of Inkogh {rPois
                  | MR+}
  1822 | D        | Noticed an ogre mage
  1822 | D        | Noticed a six-headed hydra
  1837 | D        | Noticed an ettin
  1845 | D        | Noticed a lich
  1846 | D        | Killed an ogre mage
  1848 | D        | Noticed a spark wasp
  1849 | D        | Noticed a green death
  1849 | D        | Killed a four-headed hydra
  1852 | D        | Noticed a rakshasa
  1855 | D        | Noticed a hell beast
  1860 | D        | Noticed a phantasmal warrior
  1861 | D        | Killed an ettin
  1867 | D        | Noticed an ettin
  1870 | D        | Killed a lich
  1870 | D        | Reached XP level 12. HP: 77/122 MP: 8/24
  1875 | D        | Killed a spark wasp
  1875 | D        | Reached skill level 15 in Armour
  1875 | D        | Reached skill level 15 in Shields
  1880 | D        | Killed a rakshasa
  1880 | D        | Gained Morguth as an ally
  1884 | D        | Killed an ettin
  1893 | D        | Noticed an ice dragon
  1905 | D        | Killed an ice dragon
  2098 | D        | Noticed Kirke
  2109 | D        | Killed Kirke
  2174 | D        | Noticed a shock serpent
  2174 | D        | Noticed a shock serpent
  2174 | D        | Noticed a shock serpent
  2174 | D        | Noticed an anaconda
  2181 | D        | Killed a shock serpent
  2182 | D        | Noticed a naga warrior
  2183 | D        | Noticed a naga sharpshooter
  2197 | D        | Killed an anaconda
  2199 | D        | Killed a shock serpent
  2200 | D        | Slain by a black mamba

Skill      XL: |  1  2  3  4  5  6  7  8  9 10 11 12 |
---------------+-------------------------------------+-----
Fighting       | 5 6 7 8 9 10 11 12 14 16 17 | 17.4
Armour         | 4 5 6 7 8 9 10 11 13 14 16 | 16.1
Shields        | 4 5 6 7 8 9 10 11 13 14 16 | 16.0
Invocations    | 3 5 7 9 10 12 14 16 17 | 17.8
Short Blades   | | 17.4
Long Blades    | | 17.4
Axes           | | 17.4
Maces & Flails | | 17.4
Polearms       | | 17.4
Staves         | | 17.4
Unarmed Combat | | 17.4

Action                   |  1- 3 |  4- 6 |  7- 9 | 10-12 || total
-------------------------+-------+-------+-------+-------++-------
Melee: Flail             |    33 |     9 |       |       ||    42
       Scimitar          |       |    21 |    88 |   258 ||   367
       Double sword      |       |       |       |    22 ||    22
Invok: Smiting           |       |       |     1 |       ||     1
  Use: Potion            |     2 |     2 |     2 |     1 ||     7
       Scroll            |       |       |     8 |     3 ||    11
 Stab: Invisible         |       |     2 |       |       ||     2
       Distracted        |       |       |       |     1 ||     1
  Eat: Chunk             |       |       |       |     5 ||     5
Armor: Scale mail        |    11 |     7 |       |     3 ||    21
       Chain mail        |       |     6 |    21 |    24 ||    51
       Plate armour      |       |       |       |    35 ||    35
Dodge: Dodged            |     8 |     4 |     8 |    22 ||    42
Block: Medium shield     |    17 |    23 |    47 |   143 ||   230
